 Dungeon Crawl Stone Soup version 0.25-a0-346-g140ab784a8 (webtiles) character file.

Game seed: 178549943179177452, levelgen mode: classic

31375 Borgoz the Basher (level 13, -4/85 HPs)
             Began as a Gargoyle Fighter on Jan 1, 2020.
             Was a High Priest of the Shining One.
             Slain by a vault guard
             ... wielding a +3 bardiche
              (13 damage)
             ... on level 13 of the Dungeon.
             The game lasted 00:26:33 (13488 turns).

Borgoz the Basher (Gargoyle Fighter)               Turns: 13488, Time: 00:26:34

Health: -4/85      AC: 21    Str: 23    XL:     13   Next: 57%
Magic:  13/13      EV: 19    Int:  7    God:    the Shining One [*****.]
Gold:   835        SH:  5    Dex: 11    Spells: 12/12 levels left

rFire    + . .     SeeInvis .   G - +2 flail (venom)
rCold    + . .     Gourm    .   D - +0 buckler
rNeg     + + +     Faith    .   z - +0 troll leather armour
rPois    ∞         Spirit   .   x - +2 hat
rElec    +         Reflect  .   A - +1 cloak of Starlight {rElec rC+ EV+4 Stlth--}
rCorr    .         Harm     +   u - +0 pair of gloves
MR       +....                  (no boots)
Stlth    ..........             q - amulet of harm
HPRegen  0.64/turn              y - ring of protection from magic
MPRegen  0.13/turn              l - ring of protection from fire

@: glowing, lightly drained
A: dopey 1, negative energy resistance 1, electricity resistance, unbreathing,
petrification resistance, rot immunity, AC +9
a: Divine Shield, Cleansing Flame, Summon Divine Warrior, Renounce Religion


You were on level 13 of the Dungeon.
You worshipped the Shining One.
The Shining One was extremely pleased with you.
You were hungry.

You visited 2 branches of the dungeon, and saw 14 of its levels.
You also visited: Sewer and Gauntlet.

You collected 835 gold pieces.

Inventory:

Hand Weapons
 G - a +2 flail of venom (weapon)
Armour
 a - +0 acid dragon scales
 u - a +0 pair of gloves (worn)
 x - a +2 hat (worn)
 z - a +0 troll leather armour (worn)
 A - the +1 cloak of Starlight (worn) {rElec rC+ EV+4 Stlth--}
   (You found it in a Gauntlet)

   It affects your evasion (+4).
   It protects you from cold.
   It insulates you from electricity.
   It makes you much less stealthy.
 D - a +0 buckler (worn)
 F - the +1 scale mail of the Monk {rPois MR++ Str-5 Int+4}
   (You found it on level 10 of the Dungeon)

   It affects your strength (-5).
   It affects your intelligence (+4).
   It protects you from poison.
   It affects your resistance to hostile enchantments.
 I - a scarf of cloud immunity
 L - a +0 cloak of invisibility
Jewellery
 l - a ring of protection from fire (right hand)
 q - an amulet of harm (around neck)
 v - the ring "Ororimioh" {Wiz rF+}
   (You found it in a Gauntlet)

   [ring of wizardry]

   It improves your spell success rate.
   It protects you from fire.
 y - a ring of protection from magic (left hand)
 P - the amulet "Socoguaxt" {RegenMP MR+}
   (You found it on level 13 of the Dungeon)

   [amulet of magic regeneration]

   It increases your magic regeneration.
   It affects your resistance to hostile enchantments.
Wands
 c - a wand of paralysis (4)
 i - a wand of iceblast (5)
 p - a wand of acid (7)
 H - a wand of flame (12)
 M - a wand of scattershot (4)
Scrolls
 b - a scroll of brand weapon
 h - 3 scrolls of fog
 n - 2 scrolls of blinking
 o - 5 scrolls of teleportation
 s - 4 scrolls of amnesia
 t - 4 scrolls of enchant weapon
 w - 3 scrolls of enchant armour
 C - 2 scrolls of holy word
 E - a scroll of fear
 J - 2 scrolls of remove curse
 N - 2 scrolls of vulnerability {unknown}
Potions
 d - a potion of haste
 e - 3 potions of lignification
 g - 4 potions of brilliance
 j - 2 potions of resistance
 k - 4 potions of flight
 m - 5 potions of curing
 B - 4 potions of magic
 K - 2 potions of cancellation
 O - a potion of agility {unknown}
Comestibles
 f - 32 rations


   Skills:
 + Level 11.6(11.2) Fighting
 * Level 14.2(13.7) Maces & Flails
 + Level 11.7(11.3) Armour
 + Level 7.9(7.5) Dodging
 - Level 5.0(4.6) Shields


You had 12 spell levels left.
You didn't know any spells.
Your spell library contained the following spells:

 Spells                   Type           Power        Failure   Level  Hunger
 Animate Skeleton         Necr           N/A          45%         1    ##.....
 Corona                   Hex            #......      45%         1    ##.....
 Freeze                   Ice            #...         45%         1    ##.....
 Pain                     Necr           #...         45%         1    ##.....
 Shock                    Conj/Air       #...         45%         1    ##.....
 Slow                     Hex            #.......     61%         2    ###....
 Swiftness                Chrm/Air       #.......     61%         2    ###....
 Inner Flame              Hex/Fire       #.......     83%         3    ####...
 Ozocubu's Armour         Chrm/Ice       #.......     83%         3    ####...
 Portal Projectile        Hex/Tloc       #.....       83%         3    ####...
 Regeneration             Chrm/Necr      #.........   83%         3    ####...
 Static Discharge         Conj/Air       #.......     83%         3    ####...
 Vampiric Draining        Necr           #.........   83%         3    ####...
 Airstrike                Air            #.........   99%         4    #####..
 Animate Dead             Necr           N/A          99%         4    #####..
 Cause Fear               Hex            #.........   99%         4    #####..
 Hailstorm                Conj/Ice       #.......     99%         4    #####..
 Leda's Liquefaction      Hex/Erth       #.........   99%         4    #####..
 Summon Ice Beast         Ice/Summ       #.......     99%         4    #####..
 Lightning Bolt           Conj/Air       #.........   100%        5    ######.
 Silence                  Hex/Air        #.........   100%        5    ######.
 Yara's Violent Unravell  Hex/Tmut       #.........   100%        5    ######.
 Deflect Missiles         Chrm/Air       #.........   100%        6    #######
 Discord                  Hex            #.........   100%        8    #######


Dungeon Overview and Level Annotations

Branches:
Dungeon (13/15)            Temple (1/1) D:5            Lair (0/6) D:11
    Orc (0/2) D:10         Vaults (0/5) D:13          Sewer (visited)
Gauntlet (visited)

Altars:
Ashenzari
Cheibriados
Dithmenos
Elyvilon
Fedhas
Gozag
Hepliaklqana
Kikubaaqudgha
Makhleb
Nemelex Xobeh
Okawaru
Qazlal
Ru
Sif Muna
Trog
Uskayaw
Vehumet
Wu Jian
Xom
Yredelemnul
Zin
The Shining One

Shops:
D:4 [


Innate Abilities, Weirdness & Mutations

You are resistant to torment.
Your stone body is resilient. (AC +9)
You are immune to poison.
You resist negative energy. (rN+)
You are resistant to electric shocks. (rElec)
You can survive without breathing.
You are immune to petrification.
You are immune to rotting.
You are dopey. (Int -2)


Message History

The vault guard misses you.
You feel better. You block the vault guard's attack.
You hit the vault guard.
The vault guard looks as sick as possible!
The vault guard is almost dead.
The vault guard barely misses you.
The vault guard hits you from afar with a +3 bardiche!
* * * LOW HITPOINT WARNING * * *
You hit the vault guard.
You kill the vault guard!
The vault guard misses you.
Items here: )) [[ † a +0 war axe; a +0 plate armour; a +3 broad axe; a +0 plate armour a human corpse You sock the vault guard!
The vault guard is poisoned.
The vault guard is moderately wounded.
You barely miss the vault guard.
The vault guard is moderately wounded.
The vault guard hits you with a +3 bardiche!
You die...

.## #.......
..#####.......
∩.............
p.#####.......
p# #....... .#
#....... ##.#
###.......
#.#####pp#
#.........
#....@pp##
#.........
#######.#
#......... #.#
#(........
#.#####.........
#...............
################


You could see 4 vault guards.

Vanquished Creatures
  A minotaur (Gauntlet)
  Erolcha (D:10)
  4 vault guards (D:13)
  2 hydras
  2 two-headed ogres
  A centaur warrior (D:12)
  3 death yaks (D:11)
  3 unseen horrors
  3 deep elf magi
  An oklob plant (Gauntlet)
  A cyclops (D:13)
  11 slime creatures (D:13)
  3 ugly things
  Psyche (D:9)
  A torpor snail (Gauntlet)
  A centaur skeleton (D:12)
  A minotaur zombie (Gauntlet)
  A komodo dragon (D:13)
  An efreet (Gauntlet)
  A redback zombie (D:13)
  3 trolls
  Prince Ribbit (D:6)
  A hippogriff (D:10)
  A meliai zombie (D:12)
  2 wyverns (D:13)
  A vampire (D:11)
  A spriggan (D:11)
  A basilisk (D:13)
  15 yaks
  Eustachio (D:4)
  A fire elemental (Gauntlet)
  A human (shapeshifter) (D:13)
  A steam dragon (D:10)
  A soldier ant (D:12)
  2 hell hounds (Gauntlet)
  3 acid dragons
  A water moccasin (D:9)
  7 orc warriors
  5 phantoms
  3 sky beasts
  3 black bears
  2 ice beasts
  A necrophage (D:9)
  5 ogres
  8 centaurs
  3 crocodiles
  A big kobold (Sewer)
  8 bullfrogs
  A water moccasin zombie (D:11)
  2 scorpions
  17 killer bees
  19 wights
  7 howler monkeys
  3 centaur zombies
  A crimson imp (D:5)
  A quasit (D:7)
  5 bullfrog zombies
  4 jellies
  4 orc priests
  2 bullfrog skeletons (D:10)
  6 hounds
  4 iguanas
  10 orc wizards
  6 worker ants
  A hell rat (D:11)
  A hound zombie (D:9)
  2 hound skeletons
  A worker ant zombie (D:10)
  Robin (D:4)
  4 gnolls (D:3)
  14 adders
  4 river rats
  2 shadow imps
  2 oozes
  4 worms
  2 dart slugs (D:1)
  12 leopard geckos
  25 orcs
  2 giant cockroaches
  16 goblins
  10 hobgoblins
  19 jackals
  8 kobolds
  9 quokkas
  A ball python (D:2)
  6 bats
  5 frilled lizards
  A leopard gecko zombie (D:5)
  11 rats
381 creatures vanquished.

Vanquished Creatures (others)
  A killer bee (D:10)
  7 orcs (D:10)
  8 demonic plants (Gauntlet)
  A plant (Gauntlet)
17 creatures vanquished.

Grand Total: 398 creatures vanquished

Notes
Turn   | Place    | Note
-------+----------+-------------------------------------------
     0 | D:1      | Borgoz the Gargoyle Fighter began the quest for the Orb.
     0 | D:1      | Reached XP level 1. HP: 14/14 MP: 1/1
   182 | D:1      | Reached XP level 2. HP: 17/19 MP: 2/2
   532 | D:1      | Reached XP level 3. HP: 23/23 MP: 3/3
   921 | D:2      | Found a burning altar of Makhleb.
   930 | D:2      | Reached skill level 3 in Maces & Flails
  1086 | D:2      | Reached XP level 4. HP: 26/29 MP: 4/4
  1093 | D:2      | Found a bloodstained altar of Trog.
  2021 | D:2      | Found a sacrificial altar of Ru.
  2264 | D:3      | Found a sparkling altar of Nemelex Xobeh.
  2279 | D:3      | Reached XP level 5. HP: 32/33 MP: 5/5
  2408 | D:3      | Reached skill level 4 in Maces & Flails
  2638 | D:3      | Found a glowing drain.
  2659 | Sewer    | Entered a sewer
  2734 | Sewer    | Noticed a big kobold
  2737 | Sewer    | Reached XP level 6. HP: 39/39 MP: 6/6
  2786 | Sewer    | Found a white marble altar of Elyvilon.
  3426 | D:4      | Found Iraqam's Antique Armour Emporium.
  3467 | D:4      | Reached skill level 5 in Maces & Flails
  3467 | D:4      | Reached skill level 5 in Armour
  3496 | D:4      | Noticed Robin
  3506 | D:4      | Killed Robin
  3506 | D:4      | Reached skill level 5 in Fighting
  3523 | D:4      | Reached XP level 7. HP: 44/44 MP: 7/7
  3578 | D:4      | Noticed Eustachio
  3597 | D:4      | Killed Eustachio
  3729 | D:4      | Reached skill level 6 in Maces & Flails
  3841 | D:5      | Entered Level 5 of the Dungeon
  3957 | D:5      | Found a staircase to the Ecumenical Temple.
  4033 | Temple   | Entered the Ecumenical Temple
  4300 | Temple   | Became a worshipper of the Shining One
  4364 | D:5      | Found an ornate altar of the Wu Jian Council.
  4778 | D:5      | Reached XP level 8. HP: 47/51 MP: 8/8
  4794 | D:5      | Found a white marble altar of Elyvilon.
  5338 | D:6      | Reached skill level 1 in Dodging
  5347 | D:6      | Found a radiant altar of Vehumet.
  5397 | D:6      | Reached skill level 7 in Maces & Flails
  5403 | D:6      | HP: 1/51 [orc warrior/cursed -2 war axe (14)]
  5425 | D:6      | HP: 1/51 [orc warrior/cursed -2 war axe (18)]
  5607 | D:6      | Noticed Prince Ribbit
  5613 | D:6      | Killed Prince Ribbit
  5613 | D:6      | Reached XP level 9. HP: 56/56 MP: 9/9
  6019 | D:7      | Reached * piety under the Shining One
  6346 | D:7      | Reached skill level 8 in Maces & Flails
  6372 | D:7      | Reached skill level 5 in Shields
  6819 | D:7      | Found an ancient bone altar of Kikubaaqudgha.
  6822 | D:7      | Found a basalt altar of Yredelemnul.
  6825 | D:7      | Found a shadowy altar of Dithmenos.
  6894 | D:8      | Noticed a two-headed ogre
  6906 | D:8      | Killed a two-headed ogre
  6906 | D:8      | Reached skill level 9 in Maces & Flails
  6906 | D:8      | Reached XP level 10. HP: 22/63 MP: 10/10
  7787 | D:9      | Found a hazy altar of Hepliaklqana.
  7928 | D:9      | You fall into a shaft and drop 2 floors!
  7947 | D:11     | Reached ** piety under the Shining One
  7961 | D:11     | Noticed a death yak
  7963 | D:11     | Noticed a death yak
  7964 | D:11     | Found a staircase to the Lair.
  7964 | D:11     | Noticed a death yak
  8017 | D:11     | Killed a death yak
  8017 | D:11     | Reached skill level 10 in Maces & Flails
  8029 | D:11     | Killed a death yak
  8039 | D:11     | Killed a death yak
  8363 | D:11     | Reached XP level 11. HP: 69/69 MP: 11/11
  8426 | D:11     | Reached skill level 5 in Dodging
  8450 | D:11     | Noticed a green ugly thing
  8460 | D:11     | Killed a white ugly thing
  8550 | D:11     | Reached skill level 11 in Maces & Flails
  8748 | D:10     | Entered Level 10 of the Dungeon
  8763 | D:10     | Reached *** piety under the Shining One
  8959 | D:10     | Got a pitted scale mail
  8970 | D:10     | Identified the cursed +1 scale mail of the Monk {rPois MR++
                  | Str-5 Int+4} (You found it on level 10 of the Dungeon)
  9040 | D:10     | Found a staircase to the Orcish Mines.
  9157 | D:10     | Noticed Erolcha
  9170 | D:10     | Killed Erolcha
  9561 | D:9      | Noticed Psyche
  9567 | D:9      | Paralysed by Psyche for 7 turns
  9575 | D:9      | Killed Psyche
  9755 | D:9      | Found a shattered altar of Ashenzari.
 10341 | D:11     | Reached **** piety under the Shining One
 10563 | D:12     | Noticed a deep elf mage
 10578 | D:12     | Killed a deep elf mage
 10594 | D:12     | Reached skill level 12 in Maces & Flails
 10653 | D:12     | The Shining One protects you from harm!
 10654 | D:12     | Reached XP level 12. HP: 23/77 MP: 12/12
 10678 | D:12     | Reached skill level 10 in Fighting
 10678 | D:12     | Reached skill level 10 in Armour
 10789 | D:12     | Found a gate leading to a gauntlet.
 10798 | Gauntlet | Entered a Gauntlet
 10798 | Gauntlet | Found a transporter.
 10798 | Gauntlet | Found a transporter.
 10803 | Gauntlet | Found a transporter.
 10818 | Gauntlet | Found a transporter.
 10831 | Gauntlet | Noticed a green death
 10836 | Gauntlet | Found a transporter.
 10845 | Gauntlet | Found a transporter.
 10847 | Gauntlet | Noticed an eight-headed hydra
 10861 | Gauntlet | Found a transporter.
 10929 | Gauntlet | Found a transporter.
 10943 | Gauntlet | Found a transporter.
 10955 | Gauntlet | Noticed a reaper
 10957 | Gauntlet | Found a transporter.
 10970 | Gauntlet | Found a transporter.
 11005 | Gauntlet | Reached ***** piety under the Shining One
 11062 | Gauntlet | Found a transporter.
 11072 | Gauntlet | Found a transporter.
 11082 | Gauntlet | Found the +1 cloak of Starlight {rElec rC+ EV+4 Stlth--}
 11082 | Gauntlet | Found a transporter.
 11082 | Gauntlet | Noticed a reaper
 11084 | Gauntlet | Found a transporter.
 11108 | Gauntlet | Found a transporter.
 11356 | Gauntlet | Killed an eight-headed hydra
 11372 | Gauntlet | Got a transparent tin ring
 11554 | Gauntlet | Identified the ring "Ororimioh" {Wiz rF+} (You found it in
                  | a Gauntlet)
 11627 | Gauntlet | Noticed a minotaur
 11639 | Gauntlet | Killed a minotaur
 11918 | D:12     | Reached skill level 13 in Maces & Flails
 12213 | D:12     | Noticed a two-headed ogre
 12220 | D:12     | Killed a two-headed ogre
 12278 | D:12     | Noticed a centaur warrior
 12295 | D:12     | Killed a centaur warrior
 12406 | D:13     | Gained mutation: You are dopey. (Int -2) [a neqoxec]
 12447 | D:13     | Noticed a six-headed hydra
 12456 | D:13     | Killed a six-headed hydra
 12456 | D:13     | Reached XP level 13. HP: 62/84 MP: 13/13
 13221 | D:13     | Reached skill level 14 in Maces & Flails
 13225 | D:13     | Got a transparent lead amulet
 13252 | D:13     | Identified the amulet "Socoguaxt" {RegenMP MR+} (You found
                  | it on level 13 of the Dungeon)
 13440 | D:13     | Noticed a vault guard
 13440 | D:13     | Noticed a vault guard
 13440 | D:13     | Noticed a vault guard
 13441 | D:13     | Found a gate to the Vaults.
 13441 | D:13     | Noticed a vault guard
 13441 | D:13     | Noticed a vault guard
 13441 | D:13     | Noticed a vault guard
 13442 | D:13     | Noticed a vault guard
 13448 | D:13     | Killed a vault guard
 13448 | D:13     | Noticed a vault guard
 13456 | D:13     | Killed a vault guard
 13478 | D:13     | Killed a vault guard
 13485 | D:13     | Killed a vault guard
 13488 | D:13     | Slain by a vault guard

Levels and vault maps discovered:
D:1:      tarquinn_simple_flora_water_d, layout_basic, kennysheep_small_spiral
D:2:      layout_basic, bloody_trog, makhleb_heckhound_becter,
          nicolae_ru_awakened_eye
D:3:      layout_loops_ring, nemelex_xobeh_ov_fountains_minmay,
          portal_sewer_entry_a, hex_tiny, kennysheep_donut
D:4:      layout_basic, serial_shops, nicolae_shop_overgrown_old_shop,
          uniq_robin, uniq_eustachio
D:5:      layout_basic, nicolae_overflow_hidden_temple,
          overflow_temple_1_default, minmay_temple_entry_steel_oval,
          first_ration
D:6:      layout_basic, kennysheep_little_box, uniq_prince_ribbit1
D:7:      layout_rooms, grunt_temple_overflow_diamond
D:8:      layout_basic
D:9:      layout_long_grid, lemuel_doored_altar, lemuel_round_altar, uniq_psyche
D:10:     layout_loops_ring, david_orc_2, serial_bayou_pond_a,
          skrybe_limestone_x, billiards_dpeg, uniq_erolcha
D:11:     layout_stronghold, dpeg_lair_monsters, the_bakery
D:12:     layout_basic, gauntlet_entry_generic, minmay_increasing_density
D:13:     layout_long_grid, erik_vaults_2, chequers_serial_rivers_small_b
Temple:   minmay_temple_curvy_loop

Skill      XL: |  1  2  3  4  5  6  7  8  9 10 11 12 13 |
---------------+----------------------------------------+-----
Maces & Flails | 3 4 5 6 7 9 10 12 13 14 | 14.2
Fighting       | 4 5 6 7 8 9 11 | 11.6
Armour         | 4 5 6 7 8 9 11 | 11.7
Dodging        | 2 3 4 6 7 |  7.9
Shields        | 4 5 |  5.0

Action                   |  1- 3 |  4- 6 |  7- 9 | 10-12 | 13-15 || total
-------------------------+-------+-------+-------+-------+-------++-------
Melee: Flail             |    93 |   298 |   316 |   642 |   209 ||  1558
  Use: Scroll            |       |       |    11 |    12 |     1 ||    24
       Potion            |       |       |     5 |     5 |     3 ||    13
  Eat: Chunk             |       |     9 |    11 |    15 |     3 ||    38
       Ration            |       |       |       |     1 |       ||     1
Armor: Scale mail        |    52 |   166 |   172 |    59 |       ||   449
       Troll leather arm |       |       |       |   181 |    52 ||   233
       Acid dragon scale |       |       |       |    28 |       ||    28
Dodge: Dodged            |    28 |   113 |   178 |   439 |    82 ||   840
Block: Shield            |    49 |   155 |    49 |       |       ||   253
       Buckler           |       |       |    60 |   142 |    32 ||   234

Table legend:
 A = Non-vault XP
 B = Vault XP
 C = Vault XP percentage of total XP
 D = Non-vault monster count
 E = Vault monster count
 F = Vault count percentage of total count
                 A         B        C        D         E       F
            +---------+---------+-------+---------+---------+-------
      Total |   28859 |   15963 |  35.6 |     316 |      66 |  17.3
            +---------+---------+-------+---------+---------+-------
        D:1 |      34 |       0 |   0.0 |      19 |       0 |   0.0
        D:2 |      71 |      40 |  36.0 |      24 |       1 |   4.0
        D:3 |     113 |      33 |  22.6 |      19 |       5 |  20.8
        D:4 |     286 |     231 |  44.7 |      12 |      13 |  52.0
        D:5 |     413 |       0 |   0.0 |      25 |       0 |   0.0
        D:6 |    1189 |     259 |  17.9 |      21 |       1 |   4.5
        D:7 |     798 |       0 |   0.0 |      15 |       0 |   0.0
        D:8 |    1424 |       0 |   0.0 |      11 |       0 |   0.0
        D:9 |    1970 |     439 |  18.2 |      24 |       1 |   4.0
       D:10 |    2977 |    1350 |  31.2 |      43 |       4 |   8.5
       D:11 |    2164 |    2877 |  57.1 |      20 |       8 |  28.6
       D:12 |    7520 |    1936 |  20.5 |      44 |       8 |  15.4
       D:13 |    9900 |    3914 |  28.3 |      39 |       4 |   9.3
      Sewer |       0 |     136 | 100.0 |       0 |      10 | 100.0
   Gauntlet |       0 |    4748 | 100.0 |       0 |      11 | 100.0
            +---------+---------+-------+---------+---------+-------
